 Dungeon Crawl Stone Soup version 0.13-a0-1536-gedae9ec (webtiles) character file.

145 Kae the Firebug (level 4, 0/24 HPs)
             Began as a Tengu Fire Elementalist on June 9, 2013.
             Was an Initiate of Sif Muna.
             Slain by an adder (4 damage)
             ... on Level 2 of the Dungeon.
             The game lasted 00:04:46 (2226 turns).

Kae the Firebug (Tengu Fire Elementalist)           Turns: 2226, Time: 00:04:46

HP   0/24        AC  3     Str  8      XL: 4   Next:  6%
MP   0/8         EV 12     Int 16      God: Sif Muna [......]
Gold 85          SH  0     Dex 15      Spells:  2 memorised,  3 levels left

Res.Fire  : . . .   See Invis. : .   (no weapon)
Res.Cold  : . . .   Warding    : .   a - +0 robe (curse)
Life Prot.: . . .   Conserve   : .   (no shield)
Res.Poison: .       Res.Corr.  : .   (helmet restricted)
Res.Elec. : .       Clarity    : .   f - +0 cloak (curse)
Sust.Abil.: . .     Spirit.Shd : .   (no gloves)
Res.Mut.  : .       Stasis     : .   (boots unavailable)
Res.Rott. : .       Flight     : .   (no amulet)
Saprovore : . . .                    (no ring)
                                     (no ring)

@: mildly poisoned, slightly resistant to hostile enchantments, fairly stealthy
A: beak, talons 3
a: Renounce Religion


You were on level 2 of the Dungeon.
You worshipped Sif Muna.
Sif Muna was noncommittal.
You were not hungry.

You visited 1 branch of the dungeon, and saw 2 of its levels.

You collected 65 gold pieces.

Inventory:

Hand weapons
 d - a +0,+1 sling of flame
Missiles
 i - 14 stones (quivered)
Armour
 a - a cursed +0 robe (worn)
 f - a cursed +0 cloak (worn)
Comestibles
 c - 2 bread rations
 o - a chunk of bat flesh
 p - a chunk of giant gecko flesh
Scrolls
 h - a scroll of curse armour
 j - a scroll of noise {unknown}
 k - a scroll of magic mapping {unknown}
 l - a scroll of identify {unknown}
 m - a scroll of blinking {unknown}
 n - a scroll of remove curse {unknown}
Books
 b - a book of Flames

   Spells                             Type                      Level
   *Flame Tongue                      Conjuration/Fire             1
   *Throw Flame                       Conjuration/Fire             2
   Conjure Flame                      Conjuration/Fire             3
   Inner Flame                        Hexes/Fire                   3
   Sticky Flame                       Conjuration/Fire             4
   Fireball                           Conjuration/Fire             5
 q - a book of Unlife

   Spells                             Type                      Level
   Recall                             Summoning/Translocation      3
   Animate Dead                       Necromancy                   4
   Control Undead                     Necromancy                   4
   Twisted Resurrection               Necromancy                   5
   Death Channel                      Necromancy                   6
   Simulacrum                         Ice/Necromancy               6


   Skills:
 - Level 2.2 Dodging
 - Level 2.0 Stealth
 + Level 1.8 Spellcasting
 * Level 2.5 Conjurations
 * Level 4.3 Fire Magic


You had 3 spell levels left.
You knew the following spells:

 Your Spells              Type           Power        Failure   Level  Hunger
a - Flame Tongue          Conj/Fire      ##...        8%          1    ##.....
b - Throw Flame           Conj/Fire      ##....       10%         2    ###....


Dungeon Overview and Level Annotations

Branches:
Dungeon (2/27)

Altars:
Sif Muna


Innate Abilities, Weirdness & Mutations

You have a beak for a mouth.
You have claws for feet.


Message History

Use on which item? (\ to view known items) (? for menu, Esc to quit)
Nothing appears to happen.
* * * LOW HITPOINT WARNING * * *
You feel sick. The adder closely misses you. The hobgoblin barely misses you.
The adder bites you but does no damage.
Read which item? (? for menu, Esc to quit)
As you read the scroll labeled ORUMOO TEARYU, it crumbles to dust.
You smell baking bread.
It was a scroll of random uselessness.
The adder bites you.
* * * LOW HITPOINT WARNING * * *
You are more poisoned.
The adder poisons you! The hobgoblin closely misses you.
You aren't carrying any potions.
You aren't carrying any potions.
Read which item? (? for menu, Esc to quit)
As you read the scroll labeled GIOKAI SA SHRU, it crumbles to dust.
Your +0 robe glows black for a moment.
It was a scroll of curse armour.
* * * LOW HITPOINT WARNING * * *
You feel sick. The adder bites you.
You die...

..# #.>. ..#..#
..#..# ......
#.#..# #.##b#
######### #.##S#
#........ #.##@#
#.######. #.##g#
# #.# #.
...#######.##K#.#
#.# #.
#[...K..........#
#.# #.
#########.......#
#.# #. #.......##
#.# #.
#.......... #.#
#. #.#.....###
#%# ## #.#.....#
#.#


You could see an adder, a hobgoblin, a bat and a kobold.

Vanquished Creatures
  2 adders (D:2)
  2 giant geckos (D:2)
  2 giant cockroaches (D:1)
  4 goblins (D:1)
  6 hobgoblins (D:1)
  4 jackals (D:1)
  A quokka (D:2)
  9 bats
  3 giant newts
  3 kobolds (D:1)
  6 rats
42 creatures vanquished.

Vanquished Creatures (others)
  A ball python (D:1)
1 creature vanquished.

Grand Total: 43 creatures vanquished

Notes
Turn   | Place    | Note
--------------------------------------------------------------
     0 | D:1      | Kae, the Tengu Fire Elementalist, began the quest for the Orb.
     0 | D:1      | Reached XP level 1. HP: 10/10 MP: 3/3
   519 | D:1      | Reached XP level 2. HP: 10/15 MP: 3/5
   750 | D:1      | Reached skill level 4 in Fire Magic
   793 | D:1      | Learned a level 2 spell: Throw Flame
  1025 | D:1      | Reached XP level 3. HP: 19/19 MP: 5/7
  1944 | D:2      | Found a deep blue altar of Sif Muna.
  2003 | D:2      | Became a worshipper of Sif Muna the Loreminder
  2089 | D:2      | Reached XP level 4. HP: 24/24 MP: 6/8
  2226 | D:2      | Slain by an adder

Action                   |  1- 3 |  4- 6 || total
-------------------------+-------+-------++-------
Melee: Unarmed           |    13 |       ||    13
 Cast: Flame Tongue      |    62 |    13 ||    75
       Throw Flame       |     1 |     1 ||     2
  Use: Scroll            |       |     3 ||     3
